 Dungeon Crawl Stone Soup version 0.27-a0-1060-gcb85b5eba1 (webtiles) character file.

Game seed: 11374387004837632603

125 Morbidden the Grave Robber (level 4, -4/38 HPs)
             Began as a Deep Dwarf Necromancer on Apr 21, 2021.
             Slain by a gnoll
             ... wielding a +0 flail
              (11 damage)
             ... on level 2 of the Dungeon.
             The game lasted 00:05:15 (3582 turns).

Morbidden the Grave Robber (Deep Dwarf Necromancer) Turns: 3582, Time: 00:05:16

Health: -4/38      AC:  2    Str: 12    XL:     4   Next: 82%
Magic:  1/8        EV: 12    Int: 16    God:
Gold:   139        SH:  0    Dex: 13    Spells: 4/8 levels left

rFire    . . .     SeeInvis .   a - +0 dagger (flame)
rCold    . . .     Faith    .   (no shield)
rNeg     + . .     Spirit   .   f - +0 robe
rPois    .         Reflect  .   (no helmet)
rElec    .         Harm     .   (no cloak)
rCorr    .         Rampage  .   (no gloves)
Will     .....                  (no boots)
Stlth    ++........             (no amulet)
HPRegen  0.00/turn              j - ring of positive energy
MPRegen  0.11/turn              (no ring)

@: non-regenerating
A: damage resistance, heal wounds, sense surroundings 1, no regeneration
a: Heal Wounds


You were on level 2 of the Dungeon.
You visited 1 branch of the dungeon, and saw 3 of its levels.

You collected 139 gold pieces.

Inventory:

Hand Weapons
 a - a +0 dagger of flaming (weapon)
Missiles
 c - 5 atropa-tipped darts
Armour
 f - a +0 robe (worn)
Jewellery
 j - a ring of positive energy (left hand)
Scrolls
 b - a scroll of vulnerability {unknown}
 d - 2 scrolls of identify {unknown}
 e - a scroll of torment {unknown}
 g - a scroll of enchant armour {unknown}
 h - a scroll of blinking {unknown}
Potions
 i - a potion of heal wounds {unknown}
 k - a potion of lignification {unknown}


   Skills:
 * Level 1.1 Fighting
 + Level 0.3 Short Blades
 + Level 2.3 Dodging
 + Level 2.9 Stealth
 * Level 2.9 Spellcasting
 * Level 5.4 Necromancy


You had 4 spell levels left.
You knew the following spells:

 Your Spells              Type           Power      Damage    Failure   Level
a - Pain                  Necr           76%        1d7       1%          1
b - Vampiric Draining     Necr           9%         2d7       6%          3

Your spell library contained the following spells:

 Spells                   Type           Power      Damage    Failure   Level
 Animate Skeleton         Necr           38%        N/A       1%          1
 Apportation              Tloc           4%         N/A       19%         1
 Corona                   Hex            2%         N/A       19%         1
 Summon Small Mammal      Summ           8%         N/A       19%         1
 Animate Dead             Necr           9%         N/A       21%         4
 Ensorcelled Hibernation  Hex/Ice        4%         N/A       28%         2
 Confusing Touch          Hex            2%         N/A       50%         3
 Dazzling Flash           Conj/Hex       4%         N/A       50%         3
 Tukima's Dance           Hex            2%         N/A       50%         3
 Agony                    Necr           19%        N/A       50%         5


Dungeon Overview and Level Annotations

Branches:
Dungeon (3/15)

Altars:
Gozag
Nemelex Xobeh
Qazlal
Yredelemnul

Shops:
D:1 *


Innate Abilities, Weirdness & Mutations

You are resistant to damage.
You can heal yourself by infusing magical energy.
You passively map a small area around you.
You do not regenerate.


Message History

Aiming: Vampiric Draining (dangerous; 6% risk of failure)
Press: ? - help, Shift-Dir - straight line, f - gnoll
Aim: a gnoll, wielding a +0 flail You miscast Vampiric Draining.
You are very lightly contaminated with residual magic.
Nothing appears to happen.
The gnoll hits you with a +0 flail. The gnoll misses you.
Casting: Vampiric Draining (dangerous; 6% risk of failure)
Confirm with . or Enter, or press ? or * to list all spells.
Aiming: Vampiric Draining (dangerous; 6% risk of failure)
Press: ? - help, Shift-Dir - straight line, f/p - gnoll
Aim: a gnoll, wielding a +0 flail You draw life force from the gnoll.
You feel life coursing into your body. The gnoll hits you with a +0 flail!
Unknown command.
Unknown command.
Unknown command.
Unknown command.
Your magical contamination has completely faded away.
The gnoll misses you. The gnoll misses you. The gnoll misses you.
There is a stone staircase leading up here.
The gnoll hits you with a +0 flail.
You climb upwards.
There is a stone staircase leading down here.
Unknown command.
Casting: Vampiric Draining (dangerous; 6% risk of failure)
Confirm with . or Enter, or press ? or * to list all spells.
Aiming: Vampiric Draining (dangerous; 6% risk of failure)
Press: ? - help, Shift-Dir - straight line, f - gnoll
Aim: a gnoll, wielding a +0 flail (moderately wounded)
You draw life force from the gnoll.
You feel life coursing into your body. The gnoll hits you with a +0 flail!
* * * LOW HITPOINT WARNING * * *
Unknown command.
Unknown command.
Unknown command.
The gnoll hits you with a +0 flail!
You die...

###### #####....## #.........#
#....@....# #### #...g.....##
...#########..........#
##+#....#...>.........#
#.......#........##...#
.......†#........##...#
#.......#.............#
'.......#.##..........# ########
#.....†...##..........####[......


You could see a gnoll.

Vanquished Creatures
  3 adders
  A worm (D:2)
  2 dart slugs (D:2)
  An orc (D:3)
  2 ball pythons
  7 bats
  9 endoplasms
  2 giant cockroaches (D:1)
  8 goblins
  8 hobgoblins
  17 jackals
  3 kobolds
  3 quokkas
  5 frilled lizards
  6 rats
77 creatures vanquished.

Notes
Turn   | Place    | Note
-------+----------+-------------------------------------------
     0 | D:1      | Morbidden the Deep Dwarf Necromancer began the quest for
                  | the Orb.
     0 | D:1      | Reached XP level 1. HP: 15/15 MP: 3/3
   175 | D:1      | Found Ylaik Teus's General Store.
   269 | D:1      | Reached XP level 2. HP: 19/22 MP: 0/5
  1031 | D:1      | Reached XP level 3. HP: 24/30 MP: 2/6
  1035 | D:1      | Learned a level 3 spell: Vampiric Draining
  1376 | D:1      | Found a faded altar of an unknown god.
  1851 | D:2      | Reached skill level 5 in Necromancy
  2395 | D:2      | Reached XP level 4. HP: 35/37 MP: 0/7
  2637 | D:2      | Reached skill level 1 in Fighting
  3470 | D:3      | Found an opulent altar of Gozag.
  3480 | D:3      | Found a stormy altar of Qazlal.
  3491 | D:3      | Found a basalt altar of Yredelemnul.
  3506 | D:3      | Found a sparkling altar of Nemelex Xobeh.
  3582 | D:2      | Slain by a gnoll

Illustrated notes

Levels and vault maps discovered:
D:1:      dpeg_arrival_rooms_with_view, layout_basic, serial_shops, shop,
          hellmonk_ecumenical_altar_inner_sanctum
D:2:      minmay_angry_zag, layout_basic
D:3:      minmay_chambers_of_threes, layout_basic,
          grunt_temple_overflow_cloverleaf

Skill      XL: |  1  2  3  4 |
---------------+-------------+-----
Spellcasting   | 2 |  2.9
Necromancy     | 5 |  5.4
Fighting       | 1 |  1.1
Short Blades   | |  0.3
Dodging        | |  2.3
Stealth        | |  2.9

Action                   |  1- 3 |  4- 6 || total
-------------------------+-------+-------++-------
Melee: Unarmed           |    13 |       ||    13
       Short sword       |    45 |    31 ||    76
       Dagger            |       |    28 ||    28
 Cast: Pain              |    74 |     9 ||    83
       Vampiric Draining |     9 |    15 ||    24
 Stab: Sleeping          |       |     3 ||     3
Armor: Robe              |    17 |    20 ||    37
Dodge: Dodged            |    58 |    71 ||   129

Table legend: (Time is in decaauts)
 A = Elapsed time spent in this place.
 B = Non-inter-level travel time spent in this place.
 C = Inter-level travel time spent in this place.
 D = Time resting spent in this place.
 E = Time spent auto-exploring this place.
 F = Levels seen in this place.
 G = Mean time per level.
                   A        B        C        D        E       F      G
               +--------+--------+--------+--------+--------+-----+--------+
         Total |   3588 |   3485 |    103 |    163 |   2720 |   3 | 1196.0 |
       Dungeon |   3588 |   3485 |    103 |    163 |   2720 |   3 | 1196.0 |
               +--------+--------+--------+--------+--------+-----+--------+

Top non-repeatable levels by time:
     D:1: 1955 daAuts
     D:2: 1169 daAuts
     D:3: 464 daAuts
